AoeStats
← Alexspiration

Arena

507747229Analyzed
4v4 RM · 14d ago on Sep 19, 2026· 65m 52s· 8 players
Game mode
Random Map
Map size
Large (8 player)
Population
200
Speed
Normal
Resources
Standard
Victory
Conquest
Starting age
Dark Age
Ending age
Imperial Age
RankedLock teamsTeams togetherTeam positionsShared explorationLock speedFull tech treeHidden civsTurbo modeCheats
Victory
Defeat
🇺🇸 Persians · United States
1507
+13
🇩🇪 Cumans · Germany
1500
+14
🇨🇳 Georgians · China
1497
+14
🇨🇱 Spanish · Chile
1482
+14
🇨🇳 Burgundians · China
1514
-17
🇯🇵 Magyars · Japan
1448
-14
🇨🇳 Mongols · China
1437
-13
🇨🇳 Italians · China
1385
-11
ila
5:02 Loom
10:33 Feudal Age
14:22 Castle Age
12:27 Double-Bit Axe
13:14 Horse Collar
15:08 Bow Saw
15:42 Heavy Plow
19:32 Loom
20:24 Wheelbarrow
21:05 Gold Mining
22:00 Hand Cart
22:24 Stone Mining
24:55 Scale Barding Armor
25:01 Forging
25:56 Gold Shaft Mining
26:37 Stone Shaft Mining
28:02 Chain Barding Armor
27:56 Bloodlines
27:46 Husbandry
27:56 Town Watch
31:18 Imperial Age
30:17 Iron Casting
30:18 Fletching
30:42 Kamandaran
31:04 Padded Archer Armor
30:45 Crossbowman
31:30 Thumb Ring
31:24 Bodkin Arrow
32:23 Plate Barding Armor
32:55 Blast Furnace
32:55 Leather Archer Armor
33:03 Conscription
32:59 Devotion
33:09 Elite War Elephant
34:59 Chemistry
34:11 Masonry
35:51 Ballistics
37:21 Architecture
36:57 Sappers
38:06 Hoardings
38:00 Light Cavalry
39:33 Ring Archer Armor
39:57 Citadels
41:40 Murder Holes
41:38 Hussar
47:54 Two-Man Saw
47:31 Crop Rotation
47:39 Town Patrol
47:39 Elite Skirmisher
48:02 Cavalier
49:35 Caravan
51:04 Savar
64:07 Scale Mail Armor
64:21 Clinker Construction
[CL] ElPali
10:36 Feudal Age
14:52 Castle Age
14:40 Loom
15:05 Double-Bit Axe
15:12 Gold Mining
18:30 Fletching
22:58 Town Watch
25:30 Wheelbarrow
25:07 Bow Saw
25:30 Stone Mining
30:38 Hand Cart
39:34 Imperial Age
37:07 Bodkin Arrow
37:12 Padded Archer Armor
37:58 Elite Skirmisher
38:43 Thumb Ring
38:55 Leather Archer Armor
39:29 Horse Collar
41:06 Conscription
41:51 Chemistry
41:50 Ring Archer Armor
41:21 Bracer
42:09 Heavy Plow
43:32 Two-Man Saw
43:18 Thumb Ring
43:37 Ballistics
46:21 Scale Barding Armor
46:26 Forging
46:04 Light Cavalry
46:54 Bloodlines
46:44 Husbandry
48:23 Hussar
51:42 Chain Barding Armor
57:06 Iron Casting
59:14 Plate Barding Armor
62:28 Blast Furnace
Alexspiration
9:32 Feudal Age
10:18 Double-Bit Axe
10:14 Horse Collar
12:35 Wheelbarrow
19:55 Castle Age
21:23 Gold Mining
22:49 Bow Saw
24:22 Stone Mining
27:28 Imperial Age
24:45 Town Watch
25:54 Scale Barding Armor
25:59 Forging
26:05 Heavy Plow
26:43 Forging
26:33 Loom
27:27 Bloodlines
28:05 Chain Barding Armor
28:20 Hand Cart
27:36 Elite Steppe Lancer
29:25 Plate Barding Armor
30:39 Conscription
31:11 Hand Cart
32:45 Masonry
33:16 Iron Casting
35:38 Blast Furnace
35:58 Padded Archer Armor
35:47 Cavalier
38:08 Chemistry
37:29 Ballistics
37:11 Paladin
38:19 Ballistics
37:51 Fletching
38:27 Steppe Husbandry
39:04 Hoardings
38:33 Bodkin Arrow
41:07 Light Cavalry
42:34 Guilds
43:14 Hussar
44:15 Caravan
52:55 Murder Holes
53:39 Coinage
55:45 Banking
58:10 Two-Man Saw
57:42 Crop Rotation
逝
0:29 Loom
2:30 Loom
8:22 Feudal Age
10:25 Fletching
20:38 Wheelbarrow
33:53 Horse Collar
34:44 Double-Bit Axe
34:54 Town Watch
39:39 Castle Age
38:10 Stone Mining
40:51 Hand Cart
40:34 Bodkin Arrow
41:02 Heavy Plow
42:20 Treadmill Crane
42:33 Guard Tower
45:12 Stone Shaft Mining
44:31 Gold Mining
45:02 Bow Saw
46:21 Ballistics
45:42 Treadmill Crane
52:08 Imperial Age
49:55 Murder Holes
50:12 Masonry
49:28 Elite Skirmisher
50:53 Padded Archer Armor
54:17 Chemistry
54:27 Bracer
54:42 Leather Archer Armor
55:21 Conscription
55:29 Scale Barding Armor
55:35 Forging
56:03 Keep
55:58 Architecture
56:03 Keep
55:19 Arrowslits
56:53 Pikeman
57:33 Squires
57:18 Gambesons
57:18 Arson
60:37 Scale Mail Armor
61:12 Iron Casting
60:58 Chain Barding Armor
60:47 Halberdier
65:18 Crop Rotation
66:06 Hoardings
65:39 Svan Towers
桐原冬子
11:05 Feudal Age
11:48 Double-Bit Axe
14:48 Castle Age
12:32 Horse Collar
17:29 Wheelbarrow
23:10 Heavy Plow
23:47 Bow Saw
25:11 Hand Cart
29:24 Imperial Age
26:40 Loom
27:26 Scale Mail Armor
27:02 Pikeman
28:06 Fletching
28:32 Husbandry
28:42 Bloodlines
29:22 Ballistics
29:08 Gold Mining
29:48 Thumb Ring
29:35 Halberdier
30:53 Illumination
31:01 Chain Mail Armor
30:56 Bodkin Arrow
32:03 Chemistry
31:30 Block Printing
31:37 Sanctity
31:57 Theocracy
31:38 Block Printing
32:53 Fervor
32:54 Heavy Cavalry Archer
34:08 Bracer
34:08 Padded Archer Armor
34:36 Parthian Tactics
34:32 Conscription
35:58 Leather Archer Armor
36:25 Recurve Bow
36:29 Corvinian Army
37:01 Coinage
37:17 Ring Archer Armor
37:10 Scale Barding Armor
39:06 Gold Shaft Mining
40:00 Chain Barding Armor
41:44 Plate Barding Armor
46:17 Elite Magyar Huszar
49:31 Caravan
58:30 Hoardings
57:57 Light Cavalry
李清然
11:04 Feudal Age
15:21 Castle Age
14:01 Double-Bit Axe
13:57 Horse Collar
16:27 Bow Saw
18:43 Loom
19:34 Fletching
20:23 Gold Mining
21:31 Bodkin Arrow
22:52 Ballistics
22:34 Padded Archer Armor
29:19 Imperial Age
27:39 Heavy Plow
29:57 Bloodlines
29:48 Husbandry
29:43 Elite Mangudai
30:48 Bracer
31:47 Thumb Ring
33:01 Gold Shaft Mining
33:01 Leather Archer Armor
33:49 Chemistry
34:12 Parthian Tactics
34:33 Leather Archer Armor
35:17 Wheelbarrow
34:55 Herbal Medicine
36:01 Conscription
36:43 Hoardings
37:36 Siege Engineers
37:10 Capped Ram
38:23 Coinage
39:17 Murder Holes
39:32 Masonry
39:54 Drill
40:30 Banking
41:18 Stone Mining
42:29 Hand Cart
41:59 Town Watch
43:14 Siege Ram
43:59 Caravan
43:25 Light Cavalry
44:14 Scale Barding Armor
45:18 Chain Barding Armor
46:52 Hussar
47:45 Forging
51:27 Heavy Scorpion
53:16 Onager
58:14 Iron Casting
61:13 Blast Furnace
63:46 Scale Mail Armor
66:19 Nomads
垃圾小士兵
9:04 Loom
11:03 Feudal Age
15:54 Castle Age
38:38 Double-Bit Axe
41:22 Wheelbarrow
40:44 Town Watch
45:16 Hand Cart
51:49 Imperial Age
50:14 Padded Archer Armor
50:23 Fletching
51:20 Bodkin Arrow
51:41 Leather Archer Armor
52:19 Ballistics
52:56 Conscription
52:43 Horse Collar
52:50 Elite Skirmisher
53:33 Bracer
53:48 Squires
54:04 Forging
53:54 Scale Mail Armor
54:41 Bow Saw
54:17 Pikeman
57:17 Chain Mail Armor
59:13 Chemistry
61:51 Ring Archer Armor
65:07 Scale Barding Armor
随之任之
4:59 Loom
6:19 Double-Bit Axe
8:54 Feudal Age
11:07 Fletching
15:41 Wheelbarrow
17:22 Stone Mining
18:24 Town Watch
23:59 Castle Age
23:42 Bow Saw
23:13 Horse Collar
24:37 Scale Mail Armor
25:58 Chain Mail Armor
27:13 Forging
27:10 Squires
36:59 Bodkin Arrow
36:42 Pikeman
39:21 Fervor
41:56 Imperial Age
40:16 Hand Cart
41:28 Gold Mining
42:17 Padded Archer Armor
42:01 Elite Skirmisher
42:55 Bracer
43:56 Scale Barding Armor
44:41 Ballistics
45:00 Husbandry
45:59 Leather Archer Armor
47:30 Chemistry
49:49 Block Printing
50:40 Conscription
50:49 Heavy Plow
52:13 Plate Mail Armor
52:08 Forging
52:52 Guilds
53:15 Burgundian Vineyards
55:08 Iron Casting
56:30 Caravan
63:27 Blast Furnace
Connection lost

Rejoining the realm…

Still unreachable

The connection could not be restored.

Session expired

The server has moved on; the page needs a fresh start.